 Dungeon Crawl Stone Soup version 0.22-a0-305-gd21a89c (webtiles) character file.

716 ololoev the Conjurer (level 7, -7/50 HPs)
             Began as a Ghoul Fire Elementalist on Mar 29, 2018.
             Mangled by a wight
             ... wielding a +0 halberd
              (12 damage)
             ... on level 5 of the Dungeon.
             The game lasted 00:16:34 (4907 turns).

ololoev the Conjurer (Ghoul Fire Elementalist)      Turns: 4907, Time: 00:16:35

Health: -7/50      AC:  3    Str: 12    XL:     7   Next: 69%
Magic:  11/11      EV: 12    Int: 12    God:
Gold:   296        SH:  0    Dex:  9    Spells: 0/13 levels left

rFire    . . .     SeeInvis .   a - +3 spear
rCold    + + .     Gourm    .   (no shield)
rNeg     + + +     Faith    .   j - +0 robe
rPois    ∞         Spirit   .   (no helmet)
rElec    .         Reflect  .   (no cloak)
rCorr    .         Harm     .   (no gloves)
MR       .....                  s - +0 pair of boots
Stlth    ++........             (no amulet)
HPRegen  0.00/turn              (no ring)
MPRegen  0.12/turn              r - ring of protection from cold

@: rotting
A: rotting body, claws 1, carnivore, cold resistance 1, negative energy
resistance 3, inhibited regeneration, torment resistance, unbreathing
a: no special abilities


Innate Abilities, Weirdness & Mutations

Your body is rotting away.
You thrive on raw meat.
You are immune to poison.
You have sharp fingernails.
You are carnivorous and can eat meat at any time.
Your flesh is cold resistant. (rC+)
You are immune to negative energy. (rN+++)
You do not regenerate when monsters are visible.
You are immune to unholy pain and torment.
You can survive without breathing.

Inventory:

Hand Weapons
 a - a +3 spear (weapon)
Armour
 j - a +0 robe (worn)
 s - a +0 pair of boots (worn)
Jewellery
 r - a ring of protection from cold (right claw)
Wands
 g - a wand of polymorph (6)
Scrolls
 e - 3 scrolls of teleportation
 f - 2 scrolls of fear
 m - 2 scrolls of magic mapping
Potions
 b - a potion of agility {unknown}
 d - a potion of brilliance {unknown}
 h - 3 potions of heal wounds
 i - 3 potions of resistance
 k - a potion of curing
 l - a potion of magic {unknown}
 n - a potion of lignification {unknown}
Comestibles
 c - 7 rations


   Skills:
 - Level 1.7 Dodging
 - Level 2.1 Stealth
 + Level 3.7 Spellcasting
 + Level 4.5 Conjurations
 + Level 4.1 Fire Magic
 + Level 0.6 Air Magic
 + Level 0.8 Poison Magic


You couldn't memorise any spells.
You knew the following spells:

 Your Spells              Type           Power        Failure   Level  Hunger
a - Flame Tongue          Conj/Fire      ##...        3%          1    #......
b - Conjure Flame         Conj/Fire      ##......     11%         3    ###....
c - Sticky Flame          Conj/Fire      ##......     36%         4    #####..
e - Mephitic Cloud        Conj/Pois/Air  #.......     30%         3    ###....
k - Blink                 Tloc           N/A          34%         2    ##.....


You were on level 5 of the Dungeon.
You were not hungry.

You visited 1 branch of the dungeon, and saw 6 of its levels.

You collected 296 gold pieces.

.....#..###############..#.##..#
........## #..##.####
.........## #..###.##
..####.#..##### #..####)##
..#..#..#.....# #..#..##.#
..#.)'..#####.## ####.#.#.#
..####......#..## ####.##
..PP...####.##Y.##### #.##
.............>z.@)..# #.#
..####.#######z####.########.#
..#..#...## #..# #..........#
⌠.#..#.#..#####.#######....###
..'..#............# #....#
.#####.....######## #....#
.#..#...#### #....# .'..#...#
#....# .####...# #....#

Notes
Turn   | Place    | Note
-------+----------+-------------------------------------------
     0 | D:1      | ololoev the Ghoul Fire Elementalist began the quest for the Orb.
     0 | D:1      | Reached XP level 1. HP: 14/14 MP: 2/2
    62 | D:1      | Reached skill level 1 in Conjurations
   450 | D:1      | Reached XP level 2. HP: 17/20 MP: 3/3
  1091 | D:2      | Reached XP level 3. HP: 25/25 MP: 1/5
  1874 | D:3      | Reached XP level 4. HP: 17/33 MP: 6/6
  1936 | D:3      | Noticed Sigmund
  1958 | D:2      | Learned a level 3 spell: Conjure Flame
  1989 | D:3      | Noticed Terence
  2507 | D:4      | Reached XP level 5. HP: 23/38 MP: 7/7
  2513 | D:4      | Learned a level 4 spell: Sticky Flame
  2687 | D:4      | DEFE: Что там за еррор был?
  2696 | D:4      | ololoev: у меня?
  2696 | D:4      | DEFE: да
  2696 | D:4      | DEFE: у меня написало выкино из игры с ошибкой
  2696 | D:4      | ololoev: просто выключил кравл, это видимо новая фишка вебтайлов
  2696 | D:4      | DEFE: а
  2696 | D:4      | ololoev: у тебя вчера такой же был
  2705 | D:4      | DEFE: я думал ты сломал кравл
  2827 | D:4      | ololoev: как-то не весело таббером оки играть, буст к скиллам не сильно помогает
  2827 | D:4      | ololoev: все равно одно превозмогание
  3021 | D:4      | Noticed an ogre
  3045 | D:4      | Killed an ogre
  3045 | D:4      | Reached XP level 6. HP: 28/45 MP: 1/9
  3371 | D:5      | Entered Level 5 of the Dungeon
  3401 | D:5      | Noticed Ijyb
  3418 | D:5      | Noticed a necrophage
  3441 | D:5      | Killed Ijyb
  3448 | D:5      | Killed a necrophage
  3485 | D:5      | HP: 2/45 [goblin/dagger (1)]
  4135 | D:5      | Reached XP level 7. HP: 50/50 MP: 6/11
  4167 | D:5      | Found a sacrificial altar of Ru.
  4395 | D:5      | Learned a level 2 spell: Blink
  4399 | D:5      | Learned a level 3 spell: Mephitic Cloud
  4518 | D:5      | Found a shimmering altar of Xom.
  4665 | D:5      | DEFE: финесс
  4665 | D:5      | DEFE: дары
  4665 | D:5      | DEFE: ну так-то да
  4665 | D:5      | DEFE: с 10 силы
  4665 | D:5      | DEFE: не очень файтером жить
  4907 | D:5      | Mangled by a wight

Dungeon Overview and Level Annotations

Branches:
Dungeon (6/15)
 Temple: D:4-7

Altars:
Ru
Xom

Annotations:
D:3 Sigmund, Terence


Message History

A quokka, a sky beast and a wight come into view.
Found a smoky orange potion and 11 gold pieces.
There is a stone staircase leading up here.
The quokka moves out of view.
Casting: Conjure Flame (safe; 12% risk of failure)
Confirm with . or Enter, or press ? or * to list all spells.
Aiming: Sticky Flame (quite dangerous; 36% risk of failure)
Press: ? - help, Shift-Dir - straight line, f - sky beast
Aim: a sky beast The sticky flame hits the sky beast.
The sky beast is lightly wounded.
The sky beast is covered in liquid flames!
The sky beast burns!
The sky beast completely misses you.
The wight hits you from afar with an enchanted spear!
A sky beast comes into view.
The sky beast burns!
The wight hits you with an enchanted spear!
Found a scroll of remove curse.
Casting: Sticky Flame (quite dangerous; 36% risk of failure)
Confirm with . or Enter, or press ? or * to list all spells.
Aiming: Sticky Flame (quite dangerous; 36% risk of failure)
Press: ? - help, Shift-Dir - straight line, f - wight, p - sky beast
Aim: a wight, wielding an enchanted spear and wearing a robe You miscast Sticky Flame.
You are very lightly contaminated with residual magic.
Wisps of smoke drift from your claws.
The sky beast burns!
The sky beast hits you. The sky beast shocks you. The quokka bites you.
The wight closely misses you.
The sky beast burns!
The sky beast hits you but does no damage.
The wight completely misses you.
There is a stone staircase leading up here.
The sky beast burns!
You kill the sky beast!
The sky beast flickers out of sight!
Deactivating autopickup; reactivate with Ctrl-A.
The quokka bites you but does no damage.
The wight misses you.
You climb upwards.
There is a stone staircase leading down here.
The quokka bites you.
Autopickup is now on.
You hit the quokka but do no damage. The quokka closely misses you.
You closely miss the quokka. The quokka closely misses you.
The quokka bites you.
You hit the quokka.
The quokka is heavily wounded.
The quokka bites you.
You hit the quokka.
You kill the quokka!
You see here a quokka corpse.
You butcher the quokka corpse.
o - 2 chunks of flesh (gained 1) Eat one of 2 chunks of flesh? (ye/n/q)
You eat one of the 2 chunks of flesh.
This raw flesh tastes great!
Eat a chunk of flesh? (ye/n/q)
You eat the chunk of flesh.
This raw flesh tastes great!
There is a stone staircase leading down here.
You start resting.
Your magical contamination has completely faded away.
You start resting.
Magic restored.
You start resting.
HP restored.
You climb downwards.
The sky beast hits you but does no damage.
The wight barely misses you.
The wight hits you with an enchanted spear.
The sky beast hits you. The sky beast shocks you.
There is a stone staircase leading up here.
The wight hits you with a halberd.
The wight hits you with an enchanted spear!
The sky beast barely misses you.
You climb upwards.
There is a stone staircase leading down here.
The wight closely misses you. x2; The sky beast hits you.
The sky beast shocks you. The wight hits you with a halberd!
The sky beast closely misses you.
The wight hits you from afar with a halberd!
You die...

You could see a sky beast and 2 wights.

Vanquished Creatures
  A sky beast (D:6)
  A necrophage (D:5)
  2 ogres
  A scorpion (D:5)
  2 hounds (D:5)
  Ijyb (D:5)
  2 worker ants
  An iguana (D:4)
  An orc wizard (D:3)
  5 adders
  An ooze (D:2)
  2 adder skeletons (D:4)
  A worm (D:3)
  3 dart slugs
  A leopard gecko (D:1)
  8 orcs
  4 giant cockroaches
  10 goblins
  10 jackals
  8 kobolds
  6 quokkas
  A ball python (D:1)
  5 bats
  A frilled lizard (D:1)
  A jackal skeleton (D:4)
  A leopard gecko skeleton (D:4)
  A quokka skeleton (D:4)
  3 rats
84 creatures vanquished.

Action                   |  1- 3 |  4- 6 |  7- 9 || total
-------------------------+-------+-------+-------++-------
Melee: Hand axe          |    21 |       |       ||    21
       Whip              |    20 |       |       ||    20
       Spear             |    33 |   143 |    64 ||   240
 Cast: Flame Tongue      |    17 |    26 |     4 ||    47
       Conjure Flame     |       |     5 |     4 ||     9
       Sticky Flame      |       |     1 |     1 ||     2
  Use: Scroll            |     4 |     4 |     1 ||     9
       Potion            |       |     1 |       ||     1
 Stab: Sleeping          |     4 |       |     2 ||     6
  Eat: Chunk             |    12 |    24 |     8 ||    44
Armor: Robe              |    15 |    21 |     7 ||    43
Dodge: Dodged            |    45 |    67 |    36 ||   148

Vault maps used:
D:1:      dpeg_arrival_chambers_temple_mockup
D:2:      cheibrodos_helix_gallery
D:3:      amethyst_overflow_temple_binary, uniq_sigmund, uniq_terence
D:4:      first_ration
D:5:      corexii_shack_village, marbit_many_paths, basic_altar, uniq_ijyb
D:6:      fedhas_bush_and_centaur_altar, uniq_edmund
